AoeStats
← HORA DE CALLARSE UN POQUITO

MegaRandom

504924230Analyzed
4v4 RM · 26d ago on Sep 7, 2026· 101m 38s· 8 players
Game mode
Random Map
Map size
Large (8 player)
Population
200
Speed
Normal
Resources
Standard
Victory
Conquest
Starting age
Dark Age
Ending age
Imperial Age
RankedLock teamsTeams togetherTeam positionsShared explorationLock speedFull tech treeHidden civsTurbo modeCheats
Victory
Defeat
🇺🇸 Malay · United States
801
+13
🇳🇿 Koreans · New Zealand
801
+13
🇲🇽 Portuguese · Mexico
788
+14
🇺🇸 Spanish · United States
713
+17
🇵🇪 Inca · Peru
886
-35
🇵🇪 Bohemians · Peru
723
-14
🇵🇪 Japanese · Peru
667
-11
658
-11
WakaFlakaLane
17:12 Feudal Age
17:51 Gold Mining
20:37 Man-at-Arms
27:39 Castle Age
32:49 Pikeman
33:56 Double-Bit Axe
34:53 Wheelbarrow
34:04 Town Watch
44:02 Imperial Age
44:43 Long Swordsman
45:23 Two-Handed Swordsman
49:20 Forging
58:07 Light Cavalry
82:03 Hussar
86:11 Cavalier
93:37 Loom
94:36 Iron Casting
NickOhBTW
5:19 Loom
18:25 Feudal Age
18:04 Double-Bit Axe
19:10 Horse Collar
24:43 Castle Age
22:46 Man-at-Arms
23:56 Forging
23:49 Long Swordsman
26:40 Squires
29:24 Fletching
30:02 Pikeman
31:37 Arson
39:01 Bodkin Arrow
45:31 Imperial Age
47:29 Murder Holes
50:28 Caravan
51:17 Husbandry
54:33 Bow Saw
68:34 Elite Karambit Warrior
72:24 Coinage
71:49 Stone Mining
72:04 Heavy Plow
72:19 Guilds
74:01 Forced Levy
79:54 Capped Ram
81:42 Scale Barding Armor
82:16 Iron Casting
85:13 Blast Furnace
85:20 Two-Handed Swordsman
85:31 Heavy Scorpion
87:34 Chemistry
86:18 Treadmill Crane
87:22 Conscription
88:01 Halberdier
King Crimson
13:59 Feudal Age
15:58 Wheelbarrow
15:14 Double-Bit Axe
16:35 Horse Collar
21:37 Bloodlines
21:44 Forging
21:39 Scale Barding Armor
25:26 Castle Age
26:44 Bow Saw
26:37 Husbandry
25:58 Light Cavalry
30:39 Iron Casting
32:12 Gold Mining
32:13 Stone Mining
37:54 Ballistics
38:49 Hand Cart
38:47 Masonry
41:16 Heavy Plow
41:08 Town Watch
41:48 Gambesons
42:26 Chain Barding Armor
43:08 Stone Shaft Mining
42:39 Caravan
43:05 Sanctity
42:58 Fervor
43:03 Redemption
44:03 Fletching
44:13 Murder Holes
44:29 Fortified Wall
48:22 Imperial Age
51:15 Guilds
51:35 Coinage
52:00 Bodkin Arrow
53:07 Blast Furnace
52:33 Circumnavigation
54:41 Siege Engineers
55:37 Chemistry
59:05 Arquebus
59:29 Cavalier
60:46 Plate Barding Armor
60:11 Bracer
63:08 Elite Organ Gun
64:17 Loom
64:30 Pikeman
70:54 Town Patrol
71:28 Architecture
71:20 Bombard Tower
70:52 Guard Tower
70:59 Treadmill Crane
73:14 Padded Archer Armor
73:14 Scale Mail Armor
73:33 Block Printing
73:19 Atonement
79:18 Halberdier
81:54 Man-at-Arms
82:21 Arson
90:30 Long Swordsman
92:22 Two-Handed Swordsman
100:55 Champion
102:33 Chain Mail Armor
lav3rn3
6:00 Loom
19:52 Feudal Age
21:14 Wheelbarrow
20:22 Horse Collar
28:05 Castle Age
31:08 Hand Cart
31:55 Caravan
31:53 Double-Bit Axe
31:59 Town Watch
33:59 Town Patrol
33:56 Fletching
34:20 Gold Mining
34:21 Stone Mining
35:25 Bodkin Arrow
43:13 Imperial Age
41:14 Bow Saw
41:08 Heavy Plow
46:00 Gold Shaft Mining
45:27 Heavy Rocket Cart
48:17 Chemistry
50:00 Ballistics
49:50 Siege Engineers
49:44 Murder Holes
49:56 Bracer
49:50 Elite War Wagon
52:43 Shinkichon
53:33 Two-Man Saw
74:24 Elite Fire Lancer
74:51 Gambesons
75:07 Squires
74:53 Arson
77:56 Forging
77:46 Scale Mail Armor
80:05 Iron Casting
79:46 Chain Mail Armor
79:39 Scale Barding Armor
84:24 Plate Mail Armor
84:15 Chain Barding Armor
92:22 Conscription
HORA DE CALLARSE UN POQUITO
10:29 Loom
20:54 Feudal Age
22:37 Double-Bit Axe
24:34 Wheelbarrow
23:42 Horse Collar
25:47 Stone Mining
28:57 Bloodlines
33:38 Castle Age
33:18 Scale Mail Armor
33:29 Forging
33:10 Fletching
33:21 Padded Archer Armor
34:47 Light Cavalry
35:36 Thumb Ring
34:51 Crossbowman
35:53 Bow Saw
36:16 Leather Archer Armor
36:18 Capped Ram
37:38 Bodkin Arrow
38:54 Heavy Plow
41:06 Steppe Husbandry
41:24 Hand Cart
42:08 Elite Skirmisher
42:37 Pikeman
43:18 Squires
45:40 Caravan
46:11 Coinage
53:45 Imperial Age
56:17 Banking
55:58 Guilds
56:00 Cuman Mercenaries
57:53 Elite Kipchak
59:19 Ring Archer Armor
59:34 Onager
59:35 Siege Ram
61:53 Siege Onager
62:32 Halberdier
65:21 Murder Holes
65:47 Ballistics
86:07 Chain Mail Armor
86:27 Iron Casting
86:00 Scale Barding Armor
96:16 Two-Man Saw
KINGER
16:34 Feudal Age
16:15 Loom
18:50 Double-Bit Axe
19:29 Arson
20:47 Horse Collar
32:44 Castle Age
31:32 Wheelbarrow
31:42 Stone Mining
34:04 Bow Saw
34:13 Forging
34:04 Scale Mail Armor
38:05 Squires
45:39 Heavy Plow
50:49 Elite Skirmisher
58:09 Thumb Ring
63:15 Crossbowman
65:02 Hand Cart
67:30 Champi Runner
69:07 Coinage
68:12 Champi Warrior
71:28 Pikeman
96:54 Imperial Age
Elmau1618
12:01 Loom
18:26 Feudal Age
19:52 Wheelbarrow
19:05 Double-Bit Axe
19:02 Horse Collar
23:22 Castle Age
25:31 Hand Cart
29:18 Imperial Age
27:54 Bow Saw
28:05 Heavy Plow
29:48 Town Watch
32:09 Pikeman
32:35 Arson
32:50 Squires
34:10 Hand Cart
35:43 Halberdier
41:16 Scale Mail Armor
41:09 Capped Ram
43:20 Light Cavalry
45:59 Chain Mail Armor
45:50 Scale Barding Armor
46:38 Husbandry
49:51 Plate Mail Armor
54:56 Two-Man Saw
65:59 Scale Barding Armor
65:57 Cavalier
71:01 Wagenburg Tactics
71:16 Hussite Reforms
75:17 Devotion
75:19 Atonement
75:29 Fervor
76:56 Block Printing
77:06 Illumination
77:02 Faith
77:58 Sanctity
77:59 Heresy
78:14 Theocracy
80:13 Elite Hussite Wagon
82:49 Redemption
82:35 Herbal Medicine
justin20ov
8:08 Loom
17:31 Feudal Age
18:46 Man-at-Arms
22:17 Double-Bit Axe
26:39 Gold Mining
30:13 Castle Age
31:09 Thumb Ring
36:53 Horse Collar
38:03 Long Swordsman
38:29 Gambesons
43:46 Scale Mail Armor
43:57 Forging
43:23 Light Cavalry
53:35 Imperial Age
51:21 Bow Saw
51:59 Scale Barding Armor
53:35 Wheelbarrow
56:53 Hand Cart
61:00 Bloodlines
60:53 Husbandry
67:02 Chain Mail Armor
70:51 Squires
70:21 Pikeman
95:44 Halberdier
Connection lost

Rejoining the realm…

Still unreachable

The connection could not be restored.

Session expired

The server has moved on; the page needs a fresh start.